Map: [ESL] Inside and Out

Players

Neeb - Winner!

  • Race: Protoss Protoss
  • Spawn Location: 7:00

PiLiPiLi

  • Race: Protoss Protoss
  • Spawn Location: 1:00

Event: DreamHack SC2 Masters 2022 Atlanta (Online)

VOD

Have the link to the VOD?

Description

Time

  • Played on: Oct. 4, 2022, 4:11 p.m.
  • Length: 4:55

All games in this series

Show
View Real Time Build Order
Export as new Build Order

Neeb Protoss - Winner!

Build Orders: Oracle Opening 

Get SALT Encoding   

  12  0:00  Probe  
  13  0:12  Probe  
  14  0:16  Pylon  
  14  0:24  Probe (Chrono Boost)  
  15  0:36  Probe (Chrono Boost)  
  15  0:37  Gateway  
  16  0:44  Probe (Chrono Boost)  
  16  0:46  Assimilator  
  17  0:51  Probe  
  18  1:03  Probe (Chrono Boost)  
  19  1:04  Assimilator  
  19  1:10  Gateway  
  19  1:13  Probe (Chrono Boost)  
  19  1:18  Probe (Chrono Boost)  
  21  1:25  Cybernetics Core  
  21  1:29  Probe  
  22  1:34  Pylon  
  22  1:41  Probe  
  22  1:44  Pylon  
  23  1:53  Probe  
  24  2:01  Pylon  
  24  2:03  Stalker  
  24  2:04  Stalker  
  24  2:06  Warp Gate  
  28  2:16  Probe  
  28  2:22  Pylon  
  29  2:27  Pylon  
  29  2:32  Stargate  
  28  2:48  Nexus  
  29  2:51  Probe  
  29  3:03  Probe  
  30  3:08  Stalker  
  30  3:12  Oracle (Chrono Boost)  
  34  3:16  Probe  
  36  3:24  Pylon  
  36  3:28  Probe  
  37  3:40  Probe  
  38  3:43  Oracle  
  38  3:44  Shield Battery  
  42  3:56  Stalker  
  42  3:58  Stalker  
  43  4:03  Probe  
  43  4:15  Probe  
  44  4:20  Stalker  
  46  4:32  Shield Battery  
  45  4:38  Stalker  
Show
View Real Time Build Order
Export as new Build Order

PiLiPiLi Protoss 

Build Orders:  

Get SALT Encoding   

  12  0:00  Probe  
  13  0:12  Probe  
  14  0:19  Pylon  
  14  0:25  Probe (Chrono Boost)  
  15  0:37  Probe (Chrono Boost), Gateway  
  16  0:46  Probe (Chrono Boost), Assimilator  
  17  0:52  Probe  
  18  1:04  Probe (Chrono Boost)  
  19  1:10  Assimilator  
  19  1:16  Probe (Chrono Boost)  
  20  1:24  Probe (Chrono Boost)  
  21  1:26  Cybernetics Core  
  21  1:27  Zealot  
  21  1:30  Pylon  
  23  1:48  Probe  
  24  1:59  Warp Gate (Chrono Boost)  
  24  2:00  Probe  
  25  2:05  Stalker  
  27  2:11  Shield Battery  
  27  2:14  Probe  
  28  2:19  Gateway  
  28  2:34  Stalker  
  29  2:48  Gateway  
  29  2:49  Gateway  
  29  3:02  Pylon  
  29  3:04  Stalker  
  31  3:08  Pylon  
  31  3:21  Pylon  
  31  3:41  Stalker  
  31  3:42  Stalker  
  31  3:43  Pylon  
  31  3:46  Stalker x2  
  39  3:51  Shield Battery  
  38  4:08  Stalker x2  
  36  4:17  Stalker  
  34  4:29  Zealot  
  32  4:31  Zealot x2  
  36  4:41  Stalker  
Tags
 
Add a new tag
Caveats
  • Supply blocks, unpowered buildings, or Contaminate may cause inaccurate times.
  • Supply counts are checked every 10 seconds.